 Dungeon Crawl Stone Soup version 0.29.0-13-gc9e81de378 (webtiles) character file.

Game seed: 8734805132767281287

10888 Anothat the Slicer (level 11, -9/54 HPs)
             Began as a Vine Stalker Brigand on Sept 9, 2022.
             Was a Priest of Dithmenos.
             Mangled by a black mamba (12 damage)
             ... on level 1 of the Lair of Beasts.
             The game lasted 00:21:09 (9569 turns).

Anothat the Slicer (Vine Stalker Brigand)           Turns: 9569, Time: 00:21:09

Health: -9/54      AC:  7    Str: 17    XL:     11   Next: 69%
Magic:  0/12       EV: 21    Int: 10    God:    Dithmenos [***...]
Gold:   642        SH:  5    Dex: 20    Spells: 10/10 levels left

rFire   + . .      SeeInvis .   a - +3 dagger (freeze)
rCold   . . .      Faith    .   (no shield)
rNeg    + . .      Spirit   +   u - +2 robe {rN+}
rPois   .          Reflect  +   (helmet restricted)
rElec   .          Harm     .   c - +0 cloak
rCorr   .          Rampage  .   l - +1 pair of gloves
Will    +....                   (no boots)
Stlth   ++++++....              M - amulet of reflection
HPRegen 0.98/turn               F - ring of protection from fire
MPRegen 0.13/turn               x - +4 ring of evasion

@: lethally poisoned (-9 -> -16), wreathed by umbra
A: fangs 3, regeneration 1, magic shield, antimagic bite, no potion heal 2,
antennae 1, frail 1, passive freeze, strong 1
a: Renounce Religion, Shadow Step


You were on level 1 of the Lair of Beasts.
You worshipped Dithmenos.
Dithmenos was most pleased with you.
You visited 3 branches of the dungeon, and saw 12 of its levels.

You collected 642 gold pieces.

Inventory:

Hand Weapons
 a - a +3 dagger of freezing (weapon)
 w - a +0 dagger of speed
 J - a +2 short sword of draining
Missiles
 d - 41 poisoned darts (quivered)
 e - 4 curare-tipped darts
 A - 4 throwing nets
Armour
 b - a +0 robe
 c - a +0 cloak (worn)
 k - a +2 helmet
 l - a +1 pair of gloves (worn)
 u - a +2 robe of positive energy (worn)
Jewellery
 f - a ring of positive energy
 x - a +4 ring of evasion (right hand)
 B - a ring of protection from cold
 E - a ring of resist corrosion
 F - a ring of protection from fire (left hand)
 M - an amulet of reflection (around neck)
Wands
 i - a wand of light (6)
 t - a wand of iceblast (17)
 K - a wand of paralysis (20)
Scrolls
 g - 4 scrolls of amnesia
 p - 2 scrolls of teleportation
 y - 6 scrolls of identify
 D - a scroll of fear
 G - a scroll of blinking
 I - a scroll of enchant weapon
 L - 2 scrolls of fog
 N - 2 scrolls of enchant armour
Potions
 h - a potion of lignification
 j - a potion of brilliance {unknown}
 m - 2 potions of invisibility
 n - a potion of attraction
 o - a potion of might
 q - a potion of curing {unknown}
 r - a potion of magic
 s - 3 potions of degeneration
 v - 4 potions of heal wounds
 z - a potion of flight {unknown}
 C - a potion of mutation
 H - 2 potions of ambrosia {unknown}
 O - a potion of haste {unknown}


   Skills:
 + Level 8.1 Fighting
 * Level 11.2 Short Blades
 - Level 1.7 Throwing
 + Level 7.2 Dodging
 + Level 9.7 Stealth


You had 10 spell levels left.
You didn't know any spells.
Your spell library contained the following spells:

 Spells                   Type           Power      Damage    Failure   Level
 Tukima's Dance           Hex            0%         N/A       75%         3
 Passage of Golubria      Tloc           0%         N/A       98%         4
 Petrify                  Tmut/Erth      0%         N/A       98%         4
 Metabolic Englaciation   Hex/Ice        0%         N/A       100%        5
 Silence                  Hex/Air        0%         N/A       100%        5
 Yara's Violent Unravell  Hex/Tmut       0%         3d3       100%        5
 Statue Form              Tmut/Erth      0%         N/A       100%        6
 Lehudib's Crystal Spear  Conj/Erth      0%         10d2      100%        8


Dungeon Overview and Level Annotations

Branches:
Dungeon (9/15)             Temple (1/1) D:4            Lair (2/5) D:9
 Spider (0/4) Lair:2          Orc (0/2) D:9
  Swamp: Lair:2-3    Shoals: Lair:2-3

Altars:
Ashenzari
Cheibriados
Dithmenos
Elyvilon
Fedhas
Gozag
Hepliaklqana
Kikubaaqudgha
Makhleb
Nemelex Xobeh
Okawaru
Qazlal
Ru
Sif Muna
Trog
Uskayaw
Vehumet
Wu Jian
Yredelemnul
Zin

Shops:
D:9 (


Innate Abilities, Weirdness & Mutations

You have razor-sharp teeth.
Your natural rate of healing is unusually fast.
When hurt, damage is shared between your health and your magic reserves.
Your bite disrupts and absorbs the magic of your enemies.
Potions cannot restore your health.
You have a pair of small antennae on your head.
You are frail. (-10% HP)
A frigid envelope surrounds you and freezes all who hurt you.
Your muscles are strong. (Str +4, Int/Dex -1)


Message History

Your bite misses the black mamba.
The black mamba is severely wounded.
You feel sick. The adder completely misses you.
You barely miss the black mamba.
The black mamba is severely wounded.
You feel sick. The black mamba completely misses you.
You closely miss the black mamba. Your bite misses the black mamba.
The black mamba is severely wounded.
You feel sick. The adder misses you.
You hit the black mamba.
The black mamba seems to slow down.
You freeze the black mamba. Your bite misses the black mamba.
The black mamba is almost dead.
The black mamba bites you.
* * * LOW HITPOINT WARNING * * *
You are lethally poisoned!
The black mamba poisons you! The adder barely misses you.
You hit the black mamba but do no damage.
Your bite misses the black mamba.
The black mamba is almost dead.
* * * LOW HITPOINT WARNING * * *
You feel very sick. The black mamba completely misses you.
Okay, then.
You hit the black mamba but do no damage.
The black mamba is almost dead.
* * * LOW HITPOINT WARNING * * *
You feel sick. The adder closely misses you.
You hit the black mamba. You freeze the black mamba.
The black mamba is almost dead.
* * * LOW HITPOINT WARNING * * *
You feel very sick. You block the black mamba's attack.
The adder closely misses you.
It was a potion of mutation.
You feel extremely strange.
Your skin feels very cold.
You feel frail.
You feel stronger. A pair of antennae grows on your head!
Your +2 helmet falls away!
* * * LOW HITPOINT WARNING * * *
You feel very sick. The black mamba bites you!
You die...

..........P.# ............#
............## ..#..........#
..###..#.....# ##.....##....##
##### #.......##....## #.#.##
##......##.....########...#
.#..............@....##...# ###
...###.####.#.##SS...#....####.##
...# #.#.##.#...................#
...###...........##.##.##########
.......................#
...#...####...#........##
..............#.###....P#
.............#### #..#####
#......#....## ###...##.#


You could see a black mamba (slow) and an adder.

Vanquished Creatures
  Fannar (Lair:1)
  A hydra (Lair:1)
  2 two-headed ogres
  2 black mambas (Lair:1)
  A cane toad (Lair:1)
  2 komodo dragons (D:9)
  2 dream sheep (D:9)
  2 jumping spiders (Lair:2)
  3 wyverns
  Sigmund (D:2)
  A basilisk (Lair:1)
  11 yaks
  A steam dragon (D:9)
  2 water moccasins (Lair:1)
  4 orc warriors
  3 black bears
  3 ogres
  6 wolves (D:9)
  A phantom (D:6)
  3 centaurs
  2 kobold brigands
  Blork the orc (D:5)
  3 bullfrogs
  A necrophage (D:8)
  A gnoll sergeant (D:8)
  2 scorpions
  5 wights
  3 howler monkeys (D:9)
  4 orc priests
  5 hounds
  3 gnoll boudas
  An iguana (D:5)
  Jessica (D:3)
  7 orc wizards
  Robin (D:2)
  14 adders
  17 gnolls
  3 white imps
  3 worms
  2 dart slugs
  33 orcs
  10 bats
  4 endoplasms
  4 giant cockroaches (D:1)
  13 goblins
  7 hobgoblins
  10 jackals
  A quokka (D:1)
  11 ball pythons
  2 frilled lizards
  14 kobolds
  6 rats
246 creatures vanquished.

Vanquished Creatures (others)
  2 plants (Lair:1)
2 creatures vanquished.

Grand Total: 248 creatures vanquished

Notes
Turn   | Place    | Note
-------+----------+-------------------------------------------
     0 | D:1      | Anothat the Vine Stalker Brigand began the quest for the
                  | Orb.
     0 | D:1      | Reached XP level 1. HP: 11/11 MP: 2/2
   189 | D:1      | Found a faded altar of an unknown god.
   196 | D:1      | Reached skill level 2 in Short Blades
   205 | D:1      | Reached skill level 1 in Dodging
   465 | D:1      | Reached XP level 2. HP: 15/15 MP: 3/3
  1016 | D:2      | Reached XP level 3. HP: 13/18 MP: 4/4
  1051 | D:2      | Noticed Robin
  1086 | D:2      | Killed Robin
  1428 | D:2      | Gained mutation: Your natural rate of healing is unusually
                  | fast. [Vine Stalker growth]
  1428 | D:2      | Reached XP level 4. HP: 23/23 MP: 5/5
  1446 | D:2      | Reached skill level 3 in Short Blades
  1765 | D:2      | Noticed Sigmund
  1780 | D:2      | Killed Sigmund
  1781 | D:2      | Reached skill level 4 in Short Blades
  1781 | D:2      | Reached XP level 5. HP: 13/28 MP: 4/6
  1781 | D:2      | Reached XP level 6. HP: 15/32 MP: 4/7
  2377 | D:3      | Found an ornate altar of the Wu Jian Council.
  2495 | D:3      | Noticed a spectral centipede
  2495 | D:3      | Noticed a spectral black mamba
  2495 | D:3      | Noticed a spectral cane toad
  2684 | D:3      | Noticed Jessica
  2694 | D:3      | Killed Jessica
  2778 | D:3      | Found a stormy altar of Qazlal.
  2906 | D:3      | Found a hazy altar of Hepliaklqana.
  2922 | D:3      | You fall into a shaft and drop 1 floor!
  3126 | D:4      | Reached XP level 7. HP: 15/36 MP: 3/8
  3214 | D:4      | Reached skill level 5 in Short Blades
  3289 | D:4      | Found a staircase to the Ecumenical Temple.
  3345 | Temple   | Entered the Ecumenical Temple
  3458 | D:4      | Found a shadowy altar of Dithmenos.
  3458 | D:4      | Found a white marble altar of Elyvilon.
  3850 | D:4      | Found a sacrificial altar of Ru.
  4148 | D:4      | Became a worshipper of Dithmenos the Shadowed
  4196 | D:5      | Entered Level 5 of the Dungeon
  4224 | D:5      | Gained mutation: You have razor-sharp teeth. [Vine Stalker
                  | growth]
  4224 | D:5      | Reached XP level 8. HP: 42/42 MP: 9/9
  4342 | D:5      | Noticed Blork the orc
  4366 | D:5      | Killed Blork the orc
  4367 | D:5      | Reached skill level 6 in Short Blades
  4557 | D:5      | Found an ancient bone altar of Kikubaaqudgha.
  4713 | D:5      | Found an opulent altar of Gozag.
  4854 | D:5      | Reached skill level 5 in Fighting
  4854 | D:5      | Reached skill level 7 in Short Blades
  4999 | D:6      | Found a basalt altar of Yredelemnul.
  5094 | D:6      | Reached * piety under Dithmenos
  5095 | D:6      | Reached XP level 9. HP: 31/47 MP: 10/10
  5334 | D:6      | Reached skill level 5 in Stealth
  5750 | D:7      | Found a hide-covered altar of Uskayaw.
  5795 | D:7      | Reached skill level 8 in Short Blades
  6173 | D:7      | Reached skill level 5 in Dodging
  6324 | D:7      | Reached ** piety under Dithmenos
  6405 | D:7      | Found an iron altar of Okawaru.
  6405 | D:7      | Found a bloodstained altar of Trog.
  6803 | D:8      | Noticed a two-headed ogre
  6810 | D:8      | Killed a two-headed ogre
  6906 | D:8      | Reached XP level 10. HP: 53/53 MP: 11/11
  7186 | D:9      | Reached skill level 9 in Short Blades
  7236 | D:9      | Found a broken altar of Ashenzari.
  7599 | D:9      | Found a staircase to the Lair.
  7840 | D:9      | Found Dysmoi Tyaw's Weapon Shoppe.
  7841 | D:9      | Found a staircase to the Orcish Mines.
  8119 | D:9      | Noticed a two-headed ogre
  8126 | D:9      | Killed a two-headed ogre
  8127 | D:9      | Reached skill level 10 in Short Blades
  8402 | Lair:1   | Entered Level 1 of the Lair of Beasts
  8439 | D:9      | Reached XP level 11. HP: 52/58 MP: 10/12
  8459 | D:9      | Reached *** piety under Dithmenos
  8565 | Lair:1   | Noticed a seven-headed hydra
  8578 | Lair:1   | Killed a seven-headed hydra
  8729 | Lair:1   | Noticed Fannar
  8832 | Lair:1   | Killed Fannar
  8844 | Lair:1   | Reached skill level 11 in Short Blades
  9383 | Lair:2   | Found a hole to the Spider Nest.
  9569 | Lair:1   | Gained mutation: A frigid envelope surrounds you and
                  | freezes all who hurt you. [potion of mutation]
  9569 | Lair:1   | Gained mutation: You are frail. (-10% HP) [potion of
                  | mutation]
  9569 | Lair:1   | Gained mutation: Your muscles are strong. (Str +4, Int/Dex
                  | -1) [potion of mutation]
  9569 | Lair:1   | Gained mutation: You have a pair of small antennae on your
                  | head. [potion of mutation]
  9569 | Lair:1   | Mangled by a black mamba

Illustrated notes

Levels and vault maps discovered:
D:1:      lemuel_arrival_behind_the_door_large, layout_loops_ring,
          chequers_ecumenical_altar_simple, palyth_stone_intersect
D:2:      layout_basic, uniq_robin, uniq_sigmund
D:3:      layout_basic, pdpol_wu_jian_five_deadly_venoms,
          general_overflow_altar, mainiacjoe_overflow_surrounded_room,
          uniq_jessica
D:4:      layout_loops_ring, nicolae_ru_the_path_less_chosen,
          nicolae_overflow_two_pavilions, minmay_temple_entry_wispy
D:5:      layout_loops_ring, kennysheep_mini,
          mainiacjoe_overflow_small_starburst, minmay_between,
          uniq_blork_the_orc
D:6:      layout_basic, mainiacjoe_overflow_paths
D:7:      layout_loops_ring, nicolae_uskayaw_murder_on_the_dancefloor,
          grunt_temple_overflow_bloody_war
D:8:      layout_rooms
D:9:      layout_loops_ring, mainiacjoe_overflow_brackets, erik_lair_dragon,
          orc_david_3, chequers_serial_rivers_large_a
Temple:   nicolae_temple_great_sept
Lair:1:   layout_misc_corridors, dreamdust_gnoll_shepherd, uniq_fannar
Lair:2:   lemuel_reptile_caves, layout_big_grid, minmay_swamp_entry_reptiles,
          nicolae_spider_entry_tight_spaces, hangedman_tree_tricks

Skill      XL: |  1  2  3  4  5  6  7  8  9 10 11 |
---------------+----------------------------------+-----
Short Blades   | 2 4 5 7 8 10 11 | 11.2
Dodging        | 1 2 3 4 5 6 7 |  7.2
Fighting       | 2 3 4 5 6 7 8 |  8.1
Stealth        | 6 8 9 |  9.7
Throwing       | |  1.7

Action                   |  1- 3 |  4- 6 |  7- 9 | 10-12 || total
-------------------------+-------+-------+-------+-------++-------
Melee: Dagger            |    99 |   172 |   488 |   451 ||  1210
       Bite              |    23 |    48 |   183 |   170 ||   424
       Punch             |       |     5 |     9 |    10 ||    24
Throw: Dart              |       |       |     1 |     3 ||     4
Invok: Shadow Step       |       |       |     1 |       ||     1
Evoke: Wand              |       |       |     4 |       ||     4
  Use: Scroll            |       |     5 |     7 |       ||    12
       Potion            |       |       |     2 |     6 ||     8
 Stab: Sleeping          |     8 |    10 |    14 |     8 ||    40
       Distracted        |       |     1 |     1 |     1 ||     3
       Invisible         |       |       |     1 |     3 ||     4
Armor: Robe              |    26 |    59 |    58 |    42 ||   185
       Skin              |       |       |       |     3 ||     3
Dodge: Dodged            |    42 |   103 |   223 |   290 ||   658
Block: Other             |       |       |     5 |    87 ||    92
       Reflection        |       |       |       |     2 ||     2
